 Dungeon Crawl Stone Soup version 0.32-a0-673-g3729bd50f8 (webtiles) character file.

Game seed: 7320248681837776794

61 jestert79 the Charlatan (level 4, 0/32 HPs)
             Began as a Coglin Artificer on Mar 10, 2024.
             Was a Follower of the Shining One.
             Slain by a gnoll
             ... wielding a +0 flail
              (4 damage)
             ... on level 3 of the Dungeon.
             The game lasted 00:03:19 (1315 turns).

jestert79 the Charlatan (Coglin Artificer)          Turns: 1315, Time: 00:03:20

Health: 0/32       AC:  8    Str: 14    XL:     4   Next: 7%
Magic:  4/4        EV:  7    Int: 11    God:    the Shining One [*.....]
Gold:   22         SH:  0    Dex: 14    Spells: 3/3 levels left

rFire   . . .        q - +0 war axe {Diego}
rCold   . . .        h - +0 mace {Kai}
rNeg    . . .        l - +0 chain mail
rPois   .            (no helmet)
rElec   .            (no cloak)
rCorr   .            (no gloves)
SInv    .            (no boots)
Will    .....        (amulet unavailable) Stlth
                     (ring unavailable)
HPRegen 0.25/turn    (ring unavailable)
MPRegen 0.09/turn    (no gizmo)

%: no passive effects
@: glowing, revved
A: off-hand wielding, slow wielding, warmup strikes, no jewellery
a: Invent Gizmo, Renounce Religion, Divine Shield


You were on level 3 of the Dungeon.
You worshipped the Shining One.
The Shining One was aware of your devotion.
You visited 1 branch of the dungeon, and saw 3 of its levels.

You collected 146 gold pieces.
You spent 124 gold pieces at shops.

Inventory:

Hand Weapons
 h - a +0 mace (offhand) {Kai}
 q - a +0 war axe (weapon) {Diego}
Armour
 l - a +0 chain mail (worn)
Wands
 c - a wand of flame (15) (quivered)
 d - a wand of charming (15)
 e - a wand of iceblast (5)
Scrolls
 a - a scroll of silence {unknown}
 b - a scroll of revelation {unknown}
 f - a scroll of amnesia {unknown}
 i - a scroll of enchant weapon {unknown}
 j - a scroll of fear {unknown}
 r - a scroll of noise {unknown}
Potions
 g - 3 potions of curing {unknown}
 k - a potion of ambrosia {unknown}
 m - 2 potions of lignification
 n - a potion of heal wounds {unknown}
 o - a potion of attraction
 p - a potion of degeneration {unknown}


   Skills:
 - Level 1.0 Fighting
 + Level 1.7(2.5) Axes
 - Level 2.6(2.9) Maces & Flails
 - Level 1.7 Armour
 - Level 0.8 Dodging
 - Level 0.7 Stealth
 - Level 4.0 Evocations


You had 3 spell levels left.
You didn't know any spells.
Your spell library contained the following spells:

 Spells                   Type           Power      Damage    Failure   Level
 Teleport Other           Tloc           0%         N/A       100%        3
 Iskenderun's Mystic Bla  Conj/Tloc      0%         2d3       100%        4
 Summon Blazeheart Golem  Fire/Summ      0%         N/A       100%        4
 Dispersal                Tloc           0%         N/A       100%        6


Dungeon Overview and Level Annotations

Branches:
Dungeon (3/15)

Altars:
The Shining One

Shops:
D:2 (*


Innate Abilities, Weirdness & Mutations

You can wield a second weapon in your off-hand.
It takes a long time for you to wield or remove held weapons.
Your first few attacks do less damage.
You cannot equip rings or amulets.


Message History

A rat comes into view.
The rat squeaks loudly.
The frilled lizard barely misses you.
You closely miss the frilled lizard with your +0 mace.
You slash the frilled lizard with your +0 war axe!
You kill the frilled lizard!
Unknown command.
You hit the gnoll with your +0 mace.
The gnoll is moderately wounded.
You slash the gnoll with your +0 war axe!
You kill the gnoll!
The gnoll hits you but does no damage.
Your base Axes skill increases to level 1!
The gnoll completely misses you.
Things that are here:
a +0 flail; a gnoll corpse; a frilled lizard corpse You hit the gnoll but do no damage.
You hit the gnoll with your +0 mace. The gnoll completely misses you.
The gnoll hits you but does no damage.
You barely miss the gnoll with your +0 mace.
The gnoll is moderately wounded.
You hit the gnoll but do no damage. The gnoll hits you with a +0 spear!
You slash the gnoll with your +0 war axe!
You kill the gnoll!
You have reached level 4!
You feel clever.
You sock the gnoll with your +0 mace!
The gnoll is heavily wounded.
You hit the gnoll with your +0 war axe. The gnoll hits you with a +0 flail!
The gnoll hits you but does no damage. The gnoll barely misses you.
The gnoll hits you from afar with a +0 spear.
You barely miss the gnoll with your +0 war axe.
The gnoll is severely wounded.
You hit the gnoll but do no damage. The gnoll hits you with a +0 flail.
* * * LOW HITPOINT WARNING * * *
The gnoll hits you from afar with a +0 spear.
* * * LOW HITPOINT WARNING * * *
You hit the gnoll but do no damage.
The gnoll is severely wounded.
You hit the gnoll with your +0 war axe. The gnoll hits you with a +0 flail.
You die...

########
#......#
#.####.#
#########.#
#.#
....rgg@..#
#.#
###########
#.# #.# #.#
#†# #.# #.#
..# #.# #.#
#.#


You could see 2 gnolls and a rat.

Vanquished Creatures
  2 gnolls (D:3)
  A ribbon worm (D:3)
  3 bats
  6 endoplasms
  A giant cockroach (D:1)
  4 goblins
  6 hobgoblins
  4 jackals (D:1)
  3 ball pythons (D:2)
  2 frilled lizards
  A kobold (D:1)
  2 rats
35 creatures vanquished.

Vanquished Creatures (others)
  A butterfly (D:3)
1 creature vanquished.

Grand Total: 36 creatures vanquished

Notes
Turn   | Place    | Note
-------+----------+-------------------------------------------
     0 | D:1      | jestert79 the Coglin Artificer began the quest for the Orb.
     0 | D:1      | Reached XP level 1. HP: 15/15 MP: 1/1
   151 | D:1      | Reached skill level 1 in Maces & Flails
   159 | D:1      | Reached XP level 2. HP: 13/21 MP: 2/2
   356 | D:1      | Found a faded altar of an unknown god.
   558 | D:1      | Prayed at the altar of an unknown god.
   558 | D:1      | Became a worshipper of the Shining One
   558 | D:1      | Reached * piety under the Shining One
   766 | D:2      | Reached XP level 3. HP: 26/26 MP: 3/3
   814 | D:2      | Got the Commentary on Lava and Angles
  1055 | D:2      | Found Gine's Assorted Antiques.
  1063 | D:2      | Bought a white potion for 23 gold pieces
  1063 | D:2      | Bought a red potion for 23 gold pieces
  1063 | D:2      | Bought a scroll labelled JUOGRE GEHA for 26 gold pieces
  1064 | D:2      | Bought a scroll of identify for 52 gold pieces
  1087 | D:2      | Found Saent's Antique Weapon Emporium.
  1309 | D:3      | Reached skill level 1 in Axes
  1313 | D:3      | Reached XP level 4. HP: 24/32 MP: 4/4
  1315 | D:3      | Slain by a gnoll

Illustrated notes

Levels and vault maps discovered:
D:1:      dpeg_arrival_connections, layout_rooms,
          hellmonk_ecumenical_altar_slurped_away
D:2:      layout_rooms, serial_shops, nicolae_shop_dealshenge,
          nicolae_shop_dealshenge, grunt_decor_resistance
D:3:      layout_loops_ring, nicolae_elyvilon_peaceful_grove,
          chequers_temple_overflow_minitemple

Skill      XL: |  1  2  3 |
---------------+----------+-----
Maces & Flails | 1 2 |  2.6
Axes           | 1 |  1.7
Fighting       | |  1.0
Armour         | |  1.7
Dodging        | |  0.8
Stealth        | |  0.7
Evocations     | |  4.0

Action                     |  1- 3 |  4- 6 || total
---------------------------+-------+-------++-------
  Melee: Dagger            |    61 |       ||    61
         Mace              |    67 |     3 ||    70
         Club              |     4 |       ||     4
         War axe           |    10 |     3 ||    13
    Use: Scroll            |     2 |       ||     2
   Stab: Sleeping          |     1 |       ||     1
 Armour: Leather armour    |    15 |       ||    15
         Chain mail        |    39 |     6 ||    45
  Dodge: Dodged            |    36 |     1 ||    37

Table legend: (Time is in decaauts)
 A = Elapsed time spent in this place.
 B = Non-inter-level travel time spent in this place.
 C = Inter-level travel time spent in this place.
 D = Time resting spent in this place.
 E = Time spent auto-exploring this place.
 F = Levels seen in this place.
 G = Mean time per level.
                   A        B        C        D        E       F      G
               +--------+--------+--------+--------+--------+-----+--------+
         Total |   1329 |   1210 |    119 |     46 |    867 |   3 |  443.0 |
       Dungeon |   1329 |   1210 |    119 |     46 |    867 |   3 |  443.0 |
               +--------+--------+--------+--------+--------+-----+--------+

Top non-repeatable levels by time:
     D:1: 762 daAuts
     D:2: 488 daAuts
     D:3: 78 daAuts
